 Dungeon Crawl Stone Soup version 0.23.2-1-ga50397a (webtiles) character file.

Game seed: 8885826654523362969

139847 erloom the Fighter (level 17, -2/135 HPs)
             Began as a Gnoll Wanderer on Apr 20, 2019.
             Was the Champion of Okawaru.
             Killed from afar by a shock serpent (5 damage)
             ... with a bolt of electricity
             ... on level 2 of the Snake Pit.
             The game lasted 01:53:17 (38095 turns).

erloom the Fighter (Gnoll Wanderer)                Turns: 38095, Time: 01:53:19

Health: -2/135     AC: 18    Str: 17    XL:     17   Next: 29%
Magic:  32/32      EV: 19    Int: 21    God:    Okawaru [******]
Gold:   877        SH: 13    Dex: 20    Spells: 24/38 levels left

rFire    + + .     SeeInvis .   N - +9 broad axe (flame)
rCold    + + .     Gourm    .   A - +0 shield {reflect}
rNeg     . . .     Faith    .   q - +5 ring mail of Ecinu {rF+ rC+ Dex+4}
rPois    +         Spirit   .   X - +2 hat
rElec    .         Reflect  +   p - scarf {cloud immunity}
rCorr    .         Harm     .   T - +1 pair of gloves {Str+3}
MR       +....                  P - +0 pair of boots
Stlth    +++++.....             B - amulet of the acrobat
HPRegen  0.32/turn              z - ring of protection from cold
MPRegen  0.23/turn              t - ring of Tuitod {rPois rF+}

@: no status effects
A: distributed training, fangs 1, strong nose
a: Heroism, Finesse, Renounce Religion


You were on level 2 of the Snake Pit.
You worshipped Okawaru.
Okawaru was exalted by your worship.
You were not hungry.

You visited 5 branches of the dungeon, and saw 26 of its levels.
You also visited: Ice Cave and Volcano.

You collected 2635 gold pieces.
You spent 1758 gold pieces at shops.

Inventory:

Hand Weapons
 N - a +9 broad axe of flaming (weapon)
Missiles
 b - 5 throwing nets
 C - 22 tomahawks
 J - 7 poisoned javelins (quivered)
 R - 5 javelins of penetration
Armour
 p - a scarf of cloud immunity (worn)
 q - the +5 ring mail of Ecinu (worn) {rF+ rC+ Dex+4}
   (You found it on level 5 of the Lair of Beasts)

   It affects your dexterity (+4).
   It protects you from fire.
   It protects you from cold.
 r - a scarf of spirit shield
 A - a +0 shield of reflection (worn)
 P - a +0 pair of boots (worn)
 T - a +1 pair of gloves of strength (worn)
 X - a +2 hat (worn)
Magical Staves
 Z - an uncursed staff of wizardry
Jewellery
 g - an uncursed ring of positive energy
 k - an uncursed amulet of regeneration
 t - the ring of Tuitod (right hand) {rPois rF+}
   (You acquired it on level 5 of the Lair of Beasts)

   [ring of protection from fire]

   It protects you from fire.
   It protects you from poison.
 z - a ring of protection from cold (left hand)
 B - an amulet of the acrobat (around neck)
Wands
 e - a wand of iceblast (20)
 j - a wand of flame (10)
 I - a wand of acid (12)
 V - a wand of paralysis (27)
Scrolls
 c - a scroll of brand weapon
 h - 9 scrolls of teleportation
 o - 9 scrolls of remove curse
 x - 7 scrolls of identify
 y - a scroll of enchant armour
 D - 9 scrolls of fog
 Q - 3 scrolls of enchant weapon
 S - a scroll of magic mapping
Potions
 a - 8 potions of heal wounds
 d - 3 potions of magic
 l - 14 potions of curing
 n - 4 potions of haste
 s - 8 potions of mutation
 u - 3 potions of flight
 w - 3 potions of ambrosia
 E - 2 potions of brilliance
 F - 3 potions of berserk rage
 G - 5 potions of agility
 H - a potion of resistance
 K - 3 potions of invisibility
 L - a potion of cancellation
 M - 2 potions of might
Miscellaneous
 i - a crystal ball of energy
 m - 2 boxes of beasts
 O - a fan of gales
 U - a lightning rod (4/4)
Comestibles
 f - 39 rations


   Skills:
 + Level 12.7 Fighting
 + Level 11.2 Short Blades
 + Level 11.2 Long Blades
 + Level 11.2 Axes
 + Level 11.2 Maces & Flails
 + Level 11.2 Polearms
 + Level 11.2 Staves
 + Level 11.2 Slings
 + Level 11.2 Bows
 + Level 11.5 Crossbows
 + Level 11.5 Throwing
 + Level 11.5 Armour
 + Level 12.0 Dodging
 + Level 11.9 Stealth
 + Level 11.2 Shields
 + Level 11.2 Unarmed Combat
 + Level 11.2 Spellcasting
 + Level 9.6 Conjurations
 + Level 9.6 Hexes
 + Level 9.6 Charms
 + Level 9.6 Summonings
 + Level 9.6 Necromancy
 + Level 9.6 Translocations
 + Level 9.6 Transmutations
 + Level 9.6 Fire Magic
 + Level 9.6 Ice Magic
 + Level 9.6 Air Magic
 + Level 9.6 Earth Magic
 + Level 9.6 Poison Magic
 + Level 12.1 Invocations
 + Level 11.2 Evocations


You had 24 spell levels left.
You knew the following spells:

 Your Spells              Type           Power        Failure   Level  Hunger
a - Blink                 Tloc           N/A          1%          2    None
b - Regeneration          Chrm/Necr      ######....   1%          3    None
c - Shroud of Golubria    Chrm/Tloc      ######....   1%          2    None
d - Conjure Flame         Conj/Fire      ######..     1%          3    None
e - Iskenderun's Mystic   Conj           ######..     2%          4    #......

Your spell library contained the following spells:

 Spells                   Type           Power        Failure   Level  Hunger
 Animate Skeleton         Necr           N/A          1%          1    None
 Apportation              Tloc           ######       1%          1    None
 Confusing Touch          Hex            ######       1%          1    None
 Infusion                 Chrm           ####         1%          1    None
 Magic Dart               Conj           ####         1%          1    None
 Pain                     Necr           ####         1%          1    None
 Summon Small Mammal      Summ           ####         1%          1    None
 Call Imp                 Summ           ######..     1%          2    None
 Searing Ray              Conj           ######       1%          2    None
 Slow                     Hex            ######..     1%          2    None
 Song of Slaying          Chrm           ######..     1%          2    None
 Confuse                  Hex            ######..     1%          3    None
 Dazzling Spray           Conj/Hex       ######       1%          3    None
 Gell's Gravitas          Tloc           ######....   1%          3    None
 Mephitic Cloud           Conj/Pois/Air  ######..     1%          3    None
 Spectral Weapon          Hex/Chrm       ######..     1%          3    None
 Vampiric Draining        Necr           ######....   1%          3    None
 Animate Dead             Necr           N/A          2%          4    #......
 Force Lance              Conj/Tloc      ######..     2%          4    #......
 Fulminant Prism          Conj/Hex       ######....   2%          4    #......
 Petrify                  Tmut/Erth      ######..     2%          4    #......
 Bolt of Magma            Conj/Fire/Erth ######....   8%          5    ####...
 Metabolic Englaciation   Hex/Ice        ######....   8%          5    ####...
 Yara's Violent Unravell  Hex/Tmut       ######....   8%          5    ####...


Dungeon Overview and Level Annotations

Branches:
Dungeon (15/15)            Temple (1/1) D:7            Lair (6/6) D:9
  Swamp (0/4) Lair:3        Snake (2/4) Lair:4          Orc (2/2) D:12
    Elf (0/3) Orc:2        Vaults (0/5) D:14         Depths (0/5) D:15
  Slime: Lair:5-6

Altars:
Ashenzari
Cheibriados
Dithmenos
Elyvilon
Fedhas
Gozag
Hepliaklqana
Kikubaaqudgha
Makhleb
Nemelex Xobeh
Okawaru
Qazlal
Ru
Sif Muna
Trog
Uskayaw
Vehumet
Wu Jian
Xom
Yredelemnul
Zin
The Shining One
Beogh

Shops:
D:7 %   D:14 [[(   Orc:2 [*!=!   Snake:1 (

Portals:
Trove: D:11 (show abyssal rune of Zot)

Annotations:
D:14 1 exclusion
D:15 3 runed translucent doors, DungeonDestroyer's ghost, journeyman GnSk
Lair:2 1 runed translucent door, totalnoob's ghost, journeyman TrMo
Lair:4 2 transporters, dscm's ghost, journeyman DrWz
Lair:5 exclusion: oklob plant
Lair:6 exclusion: 2 oklob plants


Innate Abilities, Weirdness & Mutations

Your experience applies equally to all skills.
You have very sharp teeth.
Your uncanny sense of smell can sniff out nearby items.


Message History

The shock serpent misses you.
You slash the shock serpent! You burn the shock serpent.
The shock serpent is severely wounded.
The shock serpent's electric aura discharges, shocking you!
The shock serpent bites you! The shock serpent shocks you!
* * * LOW HITPOINT WARNING * * *
The shock serpent closely misses you.
You closely miss the shock serpent.
The shock serpent is severely wounded.
The shock serpent shoots out a bolt of lightning at you!
The bolt of electricity hits you!!
* * * LOW HITPOINT WARNING * * *
You slash the shock serpent! You burn the shock serpent.
The shock serpent is almost dead.
The shock serpent's electric aura discharges, shocking you!
* * * LOW HITPOINT WARNING * * *
The shock serpent barely misses you.
The shock serpent shoots out a bolt of lightning at you!
The bolt of electricity hits you.
You die...

#........##..##.####.....##
..........#.##.....##.....#
##........###.......#######
.#........#.........#
.........##.......?.##
.####.####...........##
.......#..............#
.....#.#..............##
.....#..........@S.....#
.....#####..###........#
###### #### ##.####..# ###
#


You could see a shock serpent.

Vanquished Creatures
  Kirke (D:15)
  Gastronok (D:9)
  A nagaraja (Snake:2)
  Donald (Orc:2)
  A frost giant (IceCv)
  Azrael (Orc:2)
  Snorg (Orc:1)
  Harold (D:7)
  A rakshasa (D:14)
  3 vault guards
  3 naga warriors
  4 centaur warriors
  5 hydras
  3 catoblepae (Lair:6)
  4 anacondas (Snake:1)
  19 two-headed ogres
  A death knight (D:15)
  9 death yaks
  3 shock serpents
  An orc high priest (Orc:2)
  5 ogre magi
  2 naga sharpshooters (Snake:2)
  A hell knight (Volcano)
  A fire crab (shapeshifter) (D:14)
  6 skeletal warriors
  2 unseen horrors
  3 wizards
  3 naga ritualists
  4 orc knights
  A phantasmal warrior (D:15)
  Pikel (D:7)
  3 mana vipers
  3 deep elf magi
  A necromancer (D:14)
  A wolf spider (D:15)
  4 cyclopes
  3 orc sorcerers
  6 salamanders
  3 ugly things (D:15)
  4 manticores
  4 elephants (Lair:5)
  23 black mambas
  An ice statue (IceCv)
  A guardian serpent (Snake:2)
  Joseph (D:10)
  10 spiny frogs
  2 torpor snails
  3 naga magi (Snake:1)
  2 gargoyles
  2 molten gargoyles (Volcano)
  4 kobold demonologists
  3 komodo dragons
  A freezing wraith (D:14)
  2 ice devils (D:11)
  4 trolls
  14 polar bears
  Grinder (D:4)
  2 hornets
  21 blink frogs
  11 slime creatures
  7 dream sheep (Lair:6)
  8 hippogriffs
  A meliai zombie (D:13)
  A centaur simulacrum (D:14)
  7 fire bats (Volcano)
  A water elemental (D:12)
  A wraith (D:10)
  6 wyverns
  69 yaks
  A vampire (D:14)
  5 hogs
  20 humans
  2 hungry ghosts
  3 basilisks
  3 fire elementals (Orc:2)
  4 vampire mosquitoes (D:15)
  A soldier ant (D:15)
  Edmund (D:6)
  13 water moccasins
  4 wargs
  11 nagas
  3 acid dragons
  5 hell hounds (Orc:2)
  9 porcupines
  3 ice beasts
  14 orc warriors
  5 sky beasts
  2 black bears
  An eye of draining (D:10)
  A necrophage (D:12)
  12 wolves
  40 ogres
  A phantom (D:4)
  17 centaurs
  13 crocodiles
  3 big kobolds
  11 bullfrogs
  4 scorpions
  14 killer bees (D:9)
  3 wights (D:15)
  An electric eel (D:12)
  4 howler monkeys
  5 lava snakes (Volcano)
  10 crimson imps
  5 jellies
  A quasit (D:12)
  7 hounds
  16 orc priests
  7 centaur skeletons
  19 orc wizards
  Crazy Yiuf (D:7)
  A bullfrog skeleton (D:10)
  3 iguanas
  14 worker ants
  A hound skeleton (D:8)
  A howler monkey zombie (D:10)
  A worker ant zombie (D:8)
  12 gnolls
  10 adders
  A howler monkey skeleton (D:7)
  9 shadow imps
  2 oozes
  3 worms
  4 dart slugs
  A leopard gecko (D:4)
  102 orcs
  A ball python (D:3)
  9 bats
  6 giant cockroaches
  11 goblins
  8 hobgoblins
  9 jackals
  A quokka (D:7)
  3 frilled lizards
  16 kobolds
  A quokka zombie (D:7)
  13 rats
  3 fungi
  8 plants
893 creatures vanquished.

Vanquished Creatures (others)
  A naga sharpshooter (Snake:1)
  A human (D:15)
  A naga (Snake:2)
  An eye of draining (D:15)
  An orc (D:15)
  A bush (Lair:3)
  15 fungi
  21 plants
  2 withered plants (Lair:2)
44 creatures vanquished.

Grand Total: 937 creatures vanquished

Notes
Turn   | Place    | Note
-------+----------+-------------------------------------------
     0 | D:1      | erloom the Gnoll Wanderer began the quest for the Orb.
     0 | D:1      | erloom set off with the following items: a +0 dagger, 2
                  | throwing nets, 2 potions of lignification, a +0 leather
                  | armour, a ration
     0 | D:1      | Reached XP level 1. HP: 23/23 MP: 1/1
   209 | D:1      | Reached XP level 2. HP: 29/29 MP: 2/2
   360 | D:1      | Reached XP level 3. HP: 32/35 MP: 3/3
  1153 | D:2      | Reached skill level 1 in Invocations
  1470 | D:2      | Reached skill level 1 in Short Blades
  1470 | D:2      | Reached skill level 1 in Long Blades
  1470 | D:2      | Reached skill level 1 in Axes
  1470 | D:2      | Reached skill level 1 in Maces & Flails
  1470 | D:2      | Reached skill level 1 in Polearms
  1470 | D:2      | Reached skill level 1 in Staves
  1470 | D:2      | Reached skill level 1 in Slings
  1470 | D:2      | Reached skill level 1 in Bows
  1470 | D:2      | Reached skill level 1 in Shields
  1470 | D:2      | Reached skill level 1 in Unarmed Combat
  1470 | D:2      | Reached skill level 1 in Spellcasting
  1470 | D:2      | Reached skill level 1 in Evocations
  1519 | D:2      | Reached XP level 4. HP: 36/41 MP: 5/5
  1947 | D:3      | Reached skill level 1 in Conjurations
  1947 | D:3      | Reached skill level 1 in Hexes
  1947 | D:3      | Reached skill level 1 in Charms
  1947 | D:3      | Reached skill level 1 in Summonings
  1947 | D:3      | Reached skill level 1 in Necromancy
  1947 | D:3      | Reached skill level 1 in Translocations
  1947 | D:3      | Reached skill level 1 in Transmutations
  1947 | D:3      | Reached skill level 1 in Fire Magic
  1947 | D:3      | Reached skill level 1 in Ice Magic
  1947 | D:3      | Reached skill level 1 in Air Magic
  1947 | D:3      | Reached skill level 1 in Earth Magic
  1947 | D:3      | Reached skill level 1 in Poison Magic
  1968 | D:3      | Noticed an ice beast
  2109 | D:3      | Reached XP level 5. HP: 43/47 MP: 5/7
  3276 | D:4      | Noticed Grinder
  3278 | D:4      | Paralysed by Grinder for 3 turns
  3439 | D:3      | Reached XP level 6. HP: 26/53 MP: 8/8
  3613 | D:4      | Found a hazy altar of Hepliaklqana.
  3684 | D:5      | Entered Level 5 of the Dungeon
  3717 | D:5      | Noticed a sky beast
  3742 | D:5      | Killed a sky beast
  3742 | D:5      | Reached skill level 5 in Dodging
  4053 | D:4      | Paralysed by Grinder for 5 turns
  4059 | D:4      | Killed Grinder
  4059 | D:4      | Reached XP level 7. HP: 22/60 MP: 10/10
  4522 | D:4      | Got a bronze leather armour
  4565 | D:3      | Identified the +1 leather armour of Catatonia {rPois Str-3
                  | Int+6 Dex+2} (You found it on level 4 of the Dungeon)
  4621 | D:4      | Reached skill level 5 in Stealth
  5365 | D:5      | Reached XP level 8. HP: 67/67 MP: 12/12
  6249 | D:6      | Found a shadowy altar of Dithmenos.
  6861 | D:6      | Found an ornate altar of the Wu Jian Council.
  6994 | D:6      | Noticed Edmund
  7001 | D:6      | Killed Edmund
  7001 | D:6      | Reached XP level 9. HP: 64/72 MP: 14/14
  7441 | D:7      | Noticed Pikel
  7454 | D:7      | Killed Pikel
  7454 | D:7      | Reached skill level 5 in Crossbows
  7454 | D:7      | Reached skill level 5 in Throwing
  7454 | D:7      | Reached skill level 5 in Armour
  7612 | D:7      | Noticed Harold
  7636 | D:7      | Killed Harold
  7636 | D:7      | Reached skill level 5 in Invocations
  7816 | D:7      | Found a blossoming altar of Fedhas.
  7827 | D:7      | Found a staircase to the Ecumenical Temple.
  7944 | Temple   | Entered the Ecumenical Temple
  7999 | Temple   | Became a worshipper of Warmaster Okawaru
  8127 | D:7      | Found Cek Hizoerre's Food Shoppe.
  8140 | D:7      | Reached XP level 10. HP: 79/80 MP: 17/17
  8175 | D:7      | Found a runed translucent door.
  8176 | D:7      | Noticed Crazy Yiuf
  8180 | D:7      | Killed Crazy Yiuf
  8351 | D:8      | Found a sparkling altar of Nemelex Xobeh.
  8351 | D:8      | Found a snail-covered altar of Cheibriados.
  8351 | D:8      | Noticed a two-headed ogre
  8492 | D:8      | Killed a two-headed ogre
  8492 | D:8      | Reached * piety under Okawaru
  8492 | D:8      | Reached skill level 5 in Short Blades
  8492 | D:8      | Reached skill level 5 in Long Blades
  8492 | D:8      | Reached skill level 5 in Axes
  8492 | D:8      | Reached skill level 5 in Maces & Flails
  8492 | D:8      | Reached skill level 5 in Polearms
  8492 | D:8      | Reached skill level 5 in Staves
  8492 | D:8      | Reached skill level 5 in Slings
  8492 | D:8      | Reached skill level 5 in Bows
  8492 | D:8      | Reached skill level 5 in Shields
  8492 | D:8      | Reached skill level 5 in Unarmed Combat
  8492 | D:8      | Reached skill level 5 in Spellcasting
  8492 | D:8      | Reached skill level 5 in Evocations
  8682 | D:8      | Found a faded altar of an unknown god.
  8684 | D:8      | Found a bloodstained altar of Trog.
  8686 | D:8      | Found a faded altar of an unknown god.
  9009 | D:8      | Learned a level 2 spell: Blink
  9013 | D:8      | Learned a level 3 spell: Regeneration
  9016 | D:8      | Learned a level 2 spell: Shroud of Golubria
  9519 | D:9      | Reached ** piety under Okawaru
  9657 | D:9      | Found a staircase to the Lair.
  9753 | D:9      | Noticed Gastronok
  9835 | D:9      | Killed Gastronok
  9835 | D:9      | Reached *** piety under Okawaru
  9835 | D:9      | Reached XP level 11. HP: 27/87 MP: 17/19
 10148 | D:9      | Reached **** piety under Okawaru
 10165 | D:9      | Found a hide-covered altar of Uskayaw.
 10166 | D:9      | Noticed a +0 hand axe
 10168 | D:9      | Noticed a +0 hand axe
 10508 | D:9      | Reached skill level 5 in Conjurations
 10508 | D:9      | Reached skill level 5 in Hexes
 10508 | D:9      | Reached skill level 5 in Charms
 10508 | D:9      | Reached skill level 5 in Summonings
 10508 | D:9      | Reached skill level 5 in Necromancy
 10508 | D:9      | Reached skill level 5 in Translocations
 10508 | D:9      | Reached skill level 5 in Transmutations
 10508 | D:9      | Reached skill level 5 in Fire Magic
 10508 | D:9      | Reached skill level 5 in Ice Magic
 10508 | D:9      | Reached skill level 5 in Air Magic
 10508 | D:9      | Reached skill level 5 in Earth Magic
 10508 | D:9      | Reached skill level 5 in Poison Magic
 11059 | Lair:1   | Entered Level 1 of the Lair of Beasts
 11455 | Lair:1   | Reached ***** piety under Okawaru
 11583 | Lair:1   | Received a gift from Okawaru
 11818 | Lair:1   | You fall through a shaft!
 12035 | Lair:2   | Found a dark tunnel.
 12040 | Volcano  | Entered a volcano
 12304 | Volcano  | Received a gift from Okawaru
 12466 | Volcano  | Reached XP level 12. HP: 78/96 MP: 22/22
 12508 | Volcano  | Found a radiant altar of Vehumet.
 12508 | Volcano  | Noticed a centaur warrior
 12520 | Volcano  | Killed a centaur warrior
 12520 | Volcano  | Received a gift from Okawaru
 13115 | Lair:2   | Found a runed translucent door.
 13115 | Lair:2   | Noticed totalnoob's ghost (journeyman TrMo)
 13827 | Lair:3   | Found a staircase to the Swamp.
 14264 | Lair:3   | Noticed a six-headed hydra
 14277 | Lair:3   | Killed a three-headed hydra
 14490 | Lair:3   | Reached ****** piety under Okawaru
 14708 | Lair:3   | Received a gift from Okawaru
 15106 | Lair:3   | Reached skill level 10 in Fighting
 15218 | Lair:4   | Found a staircase to the Snake Pit.
 15441 | Lair:4   | Noticed a four-headed hydra
 15459 | Lair:4   | Killed a one-headed hydra
 15649 | Lair:4   | Reached XP level 13. HP: 82/103 MP: 24/24
 15897 | Lair:4   | Found a transporter.
 15904 | Lair:4   | Identified the cursed +0 spear "Yveiru" {chaos, Dex+3 SInv}
 15907 | Lair:4   | Found a bloodstained altar of Trog.
 15907 | Lair:4   | Noticed dscm's ghost (journeyman DrWz)
 15951 | Lair:4   | Found a transporter.
 15981 | Lair:4   | Received a gift from Okawaru
 16463 | Lair:5   | Got a bloodstained ring mail
 17069 | Lair:4   | Identified the +5 ring mail of Ecinu {rF+ rC+ Dex+4} (You
                  | found it on level 5 of the Lair of Beasts)
 17080 | Lair:4   | Learned a level 3 spell: Conjure Flame
 17504 | Lair:5   | Received a gift from Okawaru
 18299 | Lair:6   | Entered Level 6 of the Lair of Beasts
 18366 | Lair:5   | Identified a scroll of acquirement
 18369 | Lair:5   | Got a shimmering golden ring
 18372 | Lair:5   | Identified the ring of Tuitod {rPois rF+} (You acquired it
                  | on level 5 of the Lair of Beasts)
 19018 | Lair:6   | Received a gift from Okawaru
 19231 | Lair:6   | Got a crystal falchion
 19261 | Lair:5   | Identified the +6 falchion of Olyudwol {drain, -Tele Str+3
                  | Int+4 Stlth-} (You found it on level 6 of the Lair of
                  | Beasts)
 19441 | Lair:6   | Reached XP level 14. HP: 67/111 MP: 26/26
 20250 | Lair:6   | Reached skill level 10 in Dodging
 20651 | Lair:6   | Received a gift from Okawaru
 21436 | Lair:6   | Reached skill level 10 in Stealth
 22186 | D:10     | Entered Level 10 of the Dungeon
 22419 | D:10     | Noticed Joseph
 22434 | D:10     | Killed Joseph
 23154 | D:11     | Reached skill level 10 in Invocations
 23185 | D:11     | Found a frozen archway.
 23199 | IceCv    | Entered an ice cave
 23245 | IceCv    | Received a gift from Okawaru
 23810 | IceCv    | Noticed a frost giant
 24142 | IceCv    | Killed a frost giant
 24142 | IceCv    | Received a gift from Okawaru
 24814 | D:11     | Received a gift from Okawaru
 24814 | D:11     | Reached XP level 15. HP: 94/119 MP: 28/28
 24817 | D:11     | Got a sapphire broad axe {god gift}
 24820 | D:11     | Identified the +2 broad axe of Inetua {antimagic, -Tele
                  | Dex+8} (Okawaru gifted it to you on level 11 of the
                  | Dungeon)
 24902 | D:11     | Found a portal to a secret trove of treasure.
 25490 | D:12     | Reached skill level 10 in Crossbows
 25490 | D:12     | Reached skill level 10 in Throwing
 25490 | D:12     | Reached skill level 10 in Armour
 25617 | D:12     | Found a roughly hewn altar of Beogh.
 25617 | D:12     | Found a staircase to the Orcish Mines.
 26437 | Orc:1    | Entered Level 1 of the Orcish Mines
 26639 | Orc:1    | Noticed Snorg
 26648 | Orc:1    | Killed Snorg
 27104 | Orc:2    | Entered Level 2 of the Orcish Mines
 27163 | Orc:2    | Found Vanemnovua's Distillery.
 27178 | Orc:2    | Noticed Donald
 27213 | Orc:2    | Killed Donald
 27213 | Orc:2    | Received a gift from Okawaru
 27440 | Orc:2    | Bought a potion of heal wounds for 70 gold pieces
 27508 | Orc:2    | Received a gift from Okawaru
 27865 | Orc:2    | Found Cozxeq's Assorted Antiques.
 27865 | Orc:2    | Found Afrar's Jewellery Shop.
 27866 | Orc:2    | Found Qyentis's Armour Boutique.
 27866 | Orc:2    | Found Buduvaf's Distillery.
 27886 | Orc:2    | Reached skill level 10 in Short Blades
 27886 | Orc:2    | Reached skill level 10 in Long Blades
 27886 | Orc:2    | Reached skill level 10 in Axes
 27886 | Orc:2    | Reached skill level 10 in Maces & Flails
 27886 | Orc:2    | Reached skill level 10 in Polearms
 27886 | Orc:2    | Reached skill level 10 in Staves
 27886 | Orc:2    | Reached skill level 10 in Slings
 27886 | Orc:2    | Reached skill level 10 in Bows
 27886 | Orc:2    | Reached skill level 10 in Shields
 27886 | Orc:2    | Reached skill level 10 in Unarmed Combat
 27886 | Orc:2    | Reached skill level 10 in Spellcasting
 27886 | Orc:2    | Reached skill level 10 in Evocations
 27937 | Orc:2    | Noticed Azrael
 27989 | Orc:2    | Killed Azrael
 28470 | Orc:2    | Bought a potion of haste for 130 gold pieces
 28470 | Orc:2    | Bought a potion of haste for 130 gold pieces
 28470 | Orc:2    | Bought 2 potions of heal wounds for 130 gold pieces
 28470 | Orc:2    | Bought a potion of cancellation for 104 gold pieces
 28471 | Orc:2    | Bought a potion of curing for 96 gold pieces
 28471 | Orc:2    | Bought a translucent ring mail for 288 gold pieces
 28471 | Orc:2    | Bought a potion of invisibility for 256 gold pieces
 28471 | Orc:2    | Bought a scroll of fog for 64 gold pieces
 28478 | Orc:2    | Identified the cursed +0 ring mail of Tenacity {rElec
                  | Dex+3} (You bought it in a shop on level 2 of the Orcish
                  | Mines)
 28724 | Orc:2    | Received a gift from Okawaru
 28739 | Orc:2    | Found a staircase to the Elven Halls.
 30100 | D:13     | Reached XP level 16. HP: 114/127 MP: 30/30
 30650 | D:13     | Received a gift from Okawaru
 30936 | D:14     | Found a radiant altar of Vehumet.
 31104 | D:14     | Found the +10 dark maul {crush}
 31139 | D:14     | Found Udukhit's Armour Shoppe.
 31146 | D:14     | Found Kosix's Antique Weapon Shoppe.
 31148 | D:14     | Found Zijukkih's Antique Armour Shop.
 31162 | D:14     | Bought a glowing hat for 245 gold pieces
 31176 | D:14     | Bought a runed hat for 245 gold pieces
 31889 | D:14     | Paralysed by a wizard for 7 turns
 32041 | D:14     | Found a gate to the Vaults.
 32048 | D:14     | Identified the Volume of Enthralling Stones
 32321 | D:15     | Entered Level 15 of the Dungeon
 32351 | D:15     | Found a runed translucent gate.
 32352 | D:15     | Found a runed translucent gate.
 32352 | D:15     | Found a runed translucent gate.
 32352 | D:15     | Noticed DungeonDestroyer's ghost (journeyman GnSk)
 32879 | D:15     | Noticed Kirke
 32893 | D:15     | Noticed a sphinx
 32906 | D:15     | Killed Kirke
 33392 | D:15     | Received a gift from Okawaru
 33399 | D:15     | Found a staircase to the Depths.
 34614 | Snake:1  | Entered Level 1 of the Snake Pit
 36074 | Snake:1  | Learned a level 4 spell: Iskenderun's Mystic Blast
 36387 | Snake:1  | Reached XP level 17. HP: 129/135 MP: 32/32
 36521 | Snake:1  | Received a gift from Okawaru
 36653 | Snake:1  | Found Zusy's Antique Weapon Shoppe.
 38095 | Snake:2  | HP: 3/135 [shock serpent/electric aura (8)]
 38095 | Snake:2  | Killed from afar by a shock serpent

Skill      XL: |  1  2  3  4  5  6  7  8  9 10 11 12 13 14 15 16 17 |
---------------+----------------------------------------------------+-----
Invocations    | 1 2 3 4 5 6 7 8 9 10 11 12 | 12.1
Short Blades   | 1 2 3 4 5 6 7 8 9 10 11 | 11.2
Long Blades    | 1 2 3 4 5 6 7 8 9 10 11 | 11.2
Axes           | 1 2 3 4 5 6 7 8 9 10 11 | 11.2
Maces & Flails | 1 2 3 4 5 6 7 8 9 10 11 | 11.2
Polearms       | 1 2 3 4 5 6 7 8 9 10 11 | 11.2
Staves         | 1 2 3 4 5 6 7 8 9 10 11 | 11.2
Slings         | 1 2 3 4 5 6 7 8 9 10 11 | 11.2
Bows           | 1 2 3 4 5 6 7 8 9 10 11 | 11.2
Shields        | 1 2 3 4 5 6 7 8 9 10 11 | 11.2
Unarmed Combat | 1 2 3 4 5 6 7 8 9 10 11 | 11.2
Spellcasting   | 1 2 3 4 5 6 7 8 9 10 11 | 11.2
Evocations     | 1 2 3 4 5 6 7 8 9 10 11 | 11.2
Conjurations   | 1 2 3 4 5 6 7 8 9 |  9.6
Hexes          | 1 2 3 4 5 6 7 8 9 |  9.6
Charms         | 1 2 3 4 5 6 7 8 9 |  9.6
Summonings     | 1 2 3 4 5 6 7 8 9 |  9.6
Necromancy     | 1 2 3 4 5 6 7 8 9 |  9.6
Translocations | 1 2 3 4 5 6 7 8 9 |  9.6
Transmutations | 1 2 3 4 5 6 7 8 9 |  9.6
Fire Magic     | 1 2 3 4 5 6 7 8 9 |  9.6
Ice Magic      | 1 2 3 4 5 6 7 8 9 |  9.6
Air Magic      | 1 2 3 4 5 6 7 8 9 |  9.6
Earth Magic    | 1 2 3 4 5 6 7 8 9 |  9.6
Poison Magic   | 1 2 3 4 5 6 7 8 9 |  9.6
Crossbows      | 3 4 5 6 7 8 9 10 11 | 11.5
Throwing       | 3 4 5 6 7 8 9 10 11 | 11.5
Armour         | 3 4 5 6 7 8 9 10 11 | 11.5
Dodging        | 5 6 7 8 9 10 11 12 | 12.0
Fighting       | 7 8 9 10 11 12 | 12.7
Stealth        | 5 6 7 8 9 10 11 | 11.9

Action                   |  1- 3 |  4- 6 |  7- 9 | 10-12 | 13-15 | 16-18 || total
-------------------------+-------+-------+-------+-------+-------+-------++-------
Melee: Mace              |    14 |       |       |       |       |       ||    14
       Bite              |    13 |    24 |    24 |    65 |   185 |   109 ||   420
       Dagger            |     1 |       |       |       |       |       ||     1
       Halberd           |   113 |   205 |   245 |       |       |       ||   563
       Broad axe         |       |       |    17 |   602 |  1270 |   678 ||  2567
       Flail             |       |       |    15 |       |       |       ||    15
Throw: Throwing net      |     1 |     1 |     1 |       |       |       ||     3
       Javelin           |       |       |     1 |       |     5 |    12 ||    18
       Tomahawk          |       |       |       |    21 |    37 |       ||    58
 Cast: Shroud of Golubri |       |       |       |     4 |     4 |     3 ||    11
       Regeneration      |       |       |       |     3 |     2 |     1 ||     6
Invok: Heroism           |       |       |       |     2 |     7 |     5 ||    14
       Finesse           |       |       |       |       |     1 |       ||     1
Evoke: Wand              |       |       |    12 |     5 |    12 |       ||    29
       Lightning rod     |       |       |       |     6 |     5 |       ||    11
  Use: Scroll            |       |       |    16 |    11 |    18 |     2 ||    47
       Potion            |       |       |       |       |     4 |     1 ||     5
 Stab: Held in net/web   |     1 |       |       |       |       |       ||     1
       Sleeping          |       |       |     6 |     9 |    26 |    13 ||    54
       Distracted        |       |       |       |     1 |     1 |     2 ||     4
  Eat: Chunk             |     2 |     8 |    11 |    22 |    46 |    13 ||   102
       Ration            |       |       |     1 |     1 |     1 |     4 ||     7
Armor: Chain mail        |   110 |   129 |     7 |       |       |       ||   246
       Leather armour    |       |       |    47 |       |       |       ||    47
       Scale mail        |       |       |    38 |   286 |    52 |       ||   376
       Ring mail         |       |       |       |       |   292 |   127 ||   419
Dodge: Dodged            |    60 |    87 |   195 |   468 |   807 |   413 ||  2030
Block: Buckler           |       |       |       |   209 |   222 |       ||   431
       Shield            |       |       |       |       |   298 |   364 ||   662
       Reflection        |       |       |       |       |     3 |    27 ||    30
